 Dungeon Crawl Stone Soup version 0.31-a0-1540-g5a0b83f448 (webtiles) character file.

Game seed: 13250807574738739399

0 MisterAzrael the Slasher (level 1, -3/19 HPs)
             Began as a Minotaur Berserker on Jan 2, 2024.
             Was a Follower of Trog.
             Slain by a gnoll
             ... wielding a +0 club
              (6 damage)
             ... on level 1 of the Dungeon.
             The game lasted 00:00:16 (37 turns).

MisterAzrael the Slasher (Minotaur Berserker)         Turns: 37, Time: 00:00:16

Health: -3/19      AC:  2    Str: 21    XL:     1   Next: 8%
Magic:  0/0        EV: 12    Int:  4    God:    Trog [*.....]
Gold:   11         SH:  0    Dex:  9    Spells: 0/0 levels left

rFire   . . .        a - +0 falchion
rCold   . . .        (no shield)
rNeg    . . .        b - +0 animal skin
rPois   .            (helmet restricted)
rElec   .            (no cloak)
rCorr   .            (no gloves)
SInv    .            (no boots)
Will    .....        (no amulet)
Stlth   +            (no ring)
HPRegen 0.23/turn    (no ring)
MPRegen 0.07/turn

%: no passive effects
@: no status effects
A: horns 2, retaliatory headbutt
a: Renounce Religion, Berserk


You were on level 1 of the Dungeon.
You worshipped Trog.
Trog was aware of your devotion.
You visited 1 branch of the dungeon, and saw 1 of its levels.

You collected 11 gold pieces.

Inventory:

Hand Weapons
 a - a +0 falchion (weapon)
Armour
 b - a +0 animal skin (worn)
Scrolls
 c - a scroll of immolation {unknown}


   Skills:
 + Level 3.6 Fighting
 * Level 3.6 Long Blades
 + Level 2.4 Armour
 - Level 2.1 Dodging


You couldn't memorise any spells.
You didn't know any spells.
Your spell library was empty.

Dungeon Overview and Level Annotations

Branches:
Dungeon (1/15)

Altars:


Innate Abilities, Weirdness & Mutations

You have a pair of horns on your head.
You reflexively headbutt those who attack you in melee.


Message History

A rat is nearby!
A rat is nearby!
Found a stone staircase leading down.
You see here 13 gold pieces.
A gnoll comes into view. It is wielding a +0 club.
Found 8 stones.
Found a shortbow.
The rat squeaks loudly.
A bat comes into view.
The gnoll shouts!
The rat barely misses you.
You closely miss the rat. Your headbutt misses the rat. The rat bites you.
An endoplasm comes into view.
You hit the rat but do no damage. The bat misses you. The rat bites you.
You hit the gnoll.
The gnoll is moderately wounded.
The bat completely misses you. The rat misses you. You furiously retaliate!
You headbutt the rat!
You kill the rat!
Trog accepts your kill. The gnoll hits you with a +0 club.
You closely miss the gnoll.
The gnoll is moderately wounded.
The bat barely misses you. The gnoll hits you with a +0 club.
You are too injured to fight recklessly!
You are too injured to fight recklessly!
You are too injured to fight recklessly!
You are too injured to fight recklessly!
You barely miss the gnoll.
The gnoll is moderately wounded.
The bat hits you. The gnoll hits you with a +0 club.
* * * LOW HITPOINT WARNING * * *
You hit the gnoll but do no damage.
The gnoll is moderately wounded.
The bat barely misses you. The gnoll hits you with a +0 club.
* * * LOW HITPOINT WARNING * * *
You hit the gnoll.
The gnoll is heavily wounded.
The gnoll hits you with a +0 club.
You die...

###8#####
.§.§....### #.. .#
.§§§......###.. #.#
§§.§.......##.. ..#
.§§####.....##.##..#
§###
###...##.(#>.### ##
##...##....... #
##..$.?### #..##.@.#
##.##.bgJ.....
#.##......##.
#.##.........
#.##......#..
...)......# .
..##......# #
........ §#


You could see a gnoll, an endoplasm and a bat.

Vanquished Creatures
  A rat (D:1)
1 creature vanquished.

Notes
Turn   | Place    | Note
-------+----------+-------------------------------------------
     0 | D:1      | MisterAzrael the Minotaur Berserker began the quest for the
                  | Orb.
     0 | D:1      | Reached XP level 1. HP: 19/19 MP: 0/0
    37 | D:1      | Slain by a gnoll

Illustrated notes

Levels and vault maps discovered:
D:1:      heliophobic_arrival_dark_side_of_the_moon, layout_rooms,
          minmay_unequal

Action                     || total
---------------------------++-------
  Melee: Falchion          ||     7
 Armour: Animal skin       ||     8
  Dodge: Dodged            ||     6

Table legend: (Time is in decaauts)
 A = Elapsed time spent in this place.
 B = Non-inter-level travel time spent in this place.
 C = Inter-level travel time spent in this place.
 D = Time resting spent in this place.
 E = Time spent auto-exploring this place.
 F = Levels seen in this place.
 G = Mean time per level.
                   A        B        C        D        E       F      G
               +--------+--------+--------+--------+--------+-----+--------+
         Total |     37 |     37 |      0 |      0 |     24 |   1 |   37.0 |
       Dungeon |     37 |     37 |      0 |      0 |     24 |   1 |   37.0 |
               +--------+--------+--------+--------+--------+-----+--------+

Top non-repeatable levels by time:
     D:1: 37 daAuts
